 Dungeon Crawl Stone Soup version 0.19-a0-82-gd3566c2 (webtiles) character file.

17 Duffy the Ruffian (level 2, 0/16 HPs)
             Began as a Gargoyle Transmuter on May 14, 2016.
             Slain by a giant gecko (1 damage)
             ... on level 1 of the Dungeon.
             The game lasted 00:00:43 (1069 turns).

Duffy the Ruffian (Gargoyle Transmuter)             Turns: 1069, Time: 00:00:44

Health: 0/16       AC:  4    Str: 13    XL:     2   Next: 62%
Magic:  5/5        EV: 12    Int: 13    God:
Gold:   25         SH:  0    Dex: 10    Spells: 2 memorised, 2 levels left

rFire  . . .     SeeInvis .       - Unarmed
rCold  . . .     Gourm    .     b - +0 robe
rNeg   + . .     Faith    .     (no shield)
rPois  ∞         Spirit   .     (no helmet)
rElec  +         Dismiss  .     (no cloak)
rCorr  .         Reflect  .     (no gloves)
SustAt .         Harm     .     (no boots)
MR     .....                    (no amulet)
Stlth  +.........               (no ring)
                                (no ring)

@: not resistant to hostile enchantments, very unstealthy
A: negative energy resistance 1, electricity resistance, unbreathing,
petrification resistance, rot immunity, AC +2
a: no special abilities


You were on level 1 of the Dungeon.
You were hungry.

You visited 1 branch of the dungeon, and saw 1 of its levels.

You collected 25 gold pieces.


Innate Abilities, Weirdness & Mutations

You are resistant to torment.
Your stone body is resilient (AC +2).
You are immune to poison.
You resist negative energy.
You are resistant to electric shocks.
You can survive without breathing.
You are immune to petrification.
You are immune to rotting.


   Skills:
 - Level 1.1 Fighting
 - Level 1.5 Dodging
 + Level 3.9 Unarmed Combat
 - Level 2.0 Spellcasting
 - Level 1.5 Transmutations


You had 2 spell levels left.
You knew the following spells:

 Your Spells              Type           Power        Failure   Level  Hunger
a - Beastly Appendage     Trmt           #.....       14%         1    ##.....
b - Sticks to Snakes      Trmt           #.......     21%         2    ###....

Inventory:

Missiles
 a - 12 arrows
Armour
 b - a +0 robe (worn)
Scrolls
 e - a scroll of teleportation {unknown}
 f - a scroll of random uselessness {unknown}
 h - a scroll of immolation {unknown}
 i - a scroll of remove curse {unknown}
 l - a scroll of enchant weapon {unknown}
Potions
 k - a potion of brilliance {unknown}
Books
 c - a book of Changes
Comestibles
 d - a bread ration
 g - a beef jerky
 j - a meat ration

Dungeon Overview and Level Annotations

Branches:
Dungeon (1/15)

Altars:
The Shining One


Message History

You are too injured to fight recklessly!
You are too injured to fight recklessly!
You are too injured to fight recklessly!
You are too injured to fight recklessly!
You are too injured to fight recklessly!
You are too injured to fight recklessly!
You are too injured to fight recklessly!
You are too injured to fight recklessly!
You closely miss the giant gecko.
The giant gecko is heavily wounded.
The giant gecko closely misses you.
You hit the giant gecko but do no damage.
The giant gecko is heavily wounded.
The giant gecko bites you.
You closely miss the giant gecko.
The giant gecko is heavily wounded.
The giant gecko bites you but does no damage.
You completely miss the giant gecko.
The giant gecko is heavily wounded.
The giant gecko bites you.
You miss the giant gecko.
The giant gecko is heavily wounded.
The giant gecko barely misses you.
You barely miss the giant gecko.
The giant gecko is heavily wounded.
The giant gecko misses you.
You barely miss the giant gecko.
The giant gecko is heavily wounded.
The giant gecko barely misses you.
You hit the giant gecko.
The giant gecko is severely wounded.
The giant gecko bites you but does no damage.
The giant gecko closely misses you.
You miss the giant gecko.
The giant gecko is severely wounded.
The giant gecko closely misses you.
You closely miss the giant gecko.
The giant gecko is severely wounded.
The giant gecko closely misses you.
You are feeling hungry.
You closely miss the giant gecko.
The giant gecko is severely wounded.
The giant gecko closely misses you.
You miss the giant gecko.
The giant gecko is severely wounded.
The giant gecko bites you.
You closely miss the giant gecko.
The giant gecko is severely wounded.
The giant gecko bites you.
You die...

#.#0...#(...
#.+~.(.'8...
#.#~.(.##...
#.#0~..##... #
#.##0..###.. #. ##.#####
### #.. #.# ####
###...########.## #...
......l@.....##.### #~~~
############.###..#####~
..........###...###
#######.#.# ####...
#(....#.#########
#.#####..........
###########


You could see a giant gecko.

Action                   || total
-------------------------++-------
Melee: Unarmed           ||    75
Armor: Robe              ||    20
Dodge: Dodged            ||    49

Notes
Turn   | Place    | Note
--------------------------------------------------------------
     0 | D:1      | Duffy the Gargoyle Transmuter began the quest for the Orb.
     0 | D:1      | Reached XP level 1. HP: 12/12 MP: 3/3
   331 | D:1      | Reached XP level 2. HP: 16/16 MP: 5/5
   335 | D:1      | Learned a level 2 spell: Sticks to Snakes
   548 | D:1      | Found a glowing golden altar of the Shining One.
  1069 | D:1      | Slain by a giant gecko

Vault maps used:
D:1:      dpeg_arrival_morbid_curiosity, minmay_strange_pillars, tso_metal_star

Vanquished Creatures
  4 goblins
  6 hobgoblins
  A bat
  3 giant newts
  A kobold
15 creatures vanquished.
